 Dungeon Crawl Stone Soup version 0.31-a0-319-g4fced400ed (webtiles) character file.

Game seed: 8793800474051705852

21 porpoise the Shooter (level 3, -3/22 HPs)
             Began as a Kobold Hunter on July 17, 2023.
             Slain by a gnoll
             ... wielding a +0 flail
              (9 damage)
             ... on level 2 of the Dungeon.
             The game lasted 00:01:39 (784 turns).

porpoise the Shooter (Kobold Hunter)                 Turns: 784, Time: 00:01:40

Health: -3/22      AC:  3    Str:  8    XL:     3   Next: 2%
Magic:  3/3        EV: 19    Int: 10    God:
Gold:   46         SH:  0    Dex: 18    Spells: 2/2 levels left

rFire   . . .        a - +0 shortbow
rCold   . . .        (shield currently unavailable)
rNeg    + . .        c - +0 leather armour
rPois   .            (helmet restricted)
rElec   .            (no cloak)
rCorr   .            (no gloves)
SInv    .            (no boots)
Will    .....        (no amulet)
Stlth   +++          f - +5 ring of evasion
HPRegen 0.23/turn    h - ring of positive energy
MPRegen 0.08/turn

%: no passive effects
@: no status effects
A: small, no large weapons, nightstalker 3, hooves 1, horns 1, clumsy 1
a: no special abilities


You were on level 2 of the Dungeon.
You visited 1 branch of the dungeon, and saw 2 of its levels.

You collected 46 gold pieces.

Inventory:

Hand Weapons
 a - a +0 shortbow (weapon)
Missiles
 k - 6 boomerangs
Armour
 c - a +0 leather armour (worn)
Jewellery
 f - a +5 ring of evasion (left hand)
 h - a ring of positive energy (right hand)
 j - a ring of ice
Scrolls
 b - a scroll of butterflies
 d - a scroll of enchant weapon {unknown}
 e - 2 scrolls of identify {unknown}
 l - a scroll of fear {unknown}
Potions
 m - a potion of might {unknown}


   Skills:
 + Level 2.7 Fighting
 * Level 6.0 Ranged Weapons
 - Level 2.4 Dodging
 - Level 1.3 Stealth


You had 2 spell levels left.
You didn't know any spells.
Your spell library was empty.

Dungeon Overview and Level Annotations

Branches:
Dungeon (2/15)

Altars:


Innate Abilities, Weirdness & Mutations

You are small and have problems with some larger weapons.
You are completely attuned to the shadows.
You have large cloven feet.
You have a pair of small horns on your head.
You are clumsy. (Dex -2)


Message History

You are too injured to fight recklessly!
You shoot an arrow. The arrow hits the gnoll.
The gnoll is moderately wounded.
The gnoll barely misses you.
It was a potion of mutation.
You feel extremely strange.
Your feet thicken and deform.
You feel clumsy. A pair of horns grows on your head!
The gnoll barely misses you.
It was a potion of curing.
You feel better. The gnoll closely misses you.
You shoot an arrow. The arrow closely misses the gnoll.
The arrow hits the gnoll.
You kill the gnoll!
The gnoll misses you.
Your Ranged Weapons skill increases to level 6!
You have reached level 3!
Your experience leads to an increase in your attributes!
Your base attributes are Str 8, Int 10, Dex 18.
Increase (S)trength, (I)ntelligence, or (D)exterity?
You feel agile. x2
You shoot an arrow. The arrow hits the gnoll.
The gnoll is heavily wounded.
The gnoll hits you with a +0 flail!
You shoot an arrow. The arrow hits the gnoll.
The gnoll is heavily wounded.
The gnoll misses you.
You shoot an arrow. The arrow hits the gnoll.
The gnoll is severely wounded.
The gnoll barely misses you.
You shoot an arrow. The arrow hits the gnoll.
The gnoll is almost dead.
The gnoll barely misses you. x2
You shoot an arrow.
The arrow hits the gnoll but does no damage.
The gnoll is almost dead.
The gnoll hits you with a +0 flail!
* * * LOW HITPOINT WARNING * * *
You shoot an arrow. The arrow hits the gnoll.
The gnoll is almost dead.
The gnoll hits you with a +0 flail!
You die...

.# . !# #.
.#
#.#####.###
#.@gg<....
#.#####....
#. .... .
.... ....


You could see 2 gnolls.

Vanquished Creatures
  A gnoll (D:2)
  2 bats (D:1)
  An endoplasm (D:1)
  A giant cockroach (D:1)
  A goblin (D:1)
  2 hobgoblins (D:1)
  A ball python (D:1)
  A kobold (D:1)
10 creatures vanquished.

Notes
Turn   | Place    | Note
-------+----------+-------------------------------------------
     0 | D:1      | porpoise the Kobold Hunter began the quest for the Orb.
     0 | D:1      | Reached XP level 1. HP: 12/12 MP: 1/1
   288 | D:1      | Reached XP level 2. HP: 13/18 MP: 2/2
   776 | D:2      | Gained mutation: You have large cloven feet. [potion of
                  | mutation]
   776 | D:2      | Gained mutation: You are clumsy. (Dex -2) [potion of
                  | mutation]
   776 | D:2      | Gained mutation: You have a pair of small horns on your
                  | head. [potion of mutation]
   779 | D:2      | Reached skill level 6 in Ranged Weapons
   779 | D:2      | Reached XP level 3. HP: 21/22 MP: 3/3
   784 | D:2      | Slain by a gnoll

Illustrated notes

Levels and vault maps discovered:
D:1:      sevenhm_arrival_forest_fort_large_4, layout_loops_cross
D:2:      layout_loops_ring, chequers_ecumenical_altar_island,
          columned_hall_lemuel, uniq_sigmund

Skill      XL: |  1  2 |
---------------+-------+-----
Ranged Weapons | 6 |  6.0
Fighting       | |  2.7
Dodging        | |  2.4
Stealth        | |  1.3

Action                     || total
---------------------------++-------
   Fire: Shortbow          ||    49
    Use: Potion            ||     2
 Armour: Leather armour    ||     4
  Dodge: Dodged            ||    36

Table legend: (Time is in decaauts)
 A = Elapsed time spent in this place.
 B = Non-inter-level travel time spent in this place.
 C = Inter-level travel time spent in this place.
 D = Time resting spent in this place.
 E = Time spent auto-exploring this place.
 F = Levels seen in this place.
 G = Mean time per level.
                   A        B        C        D        E       F      G
               +--------+--------+--------+--------+--------+-----+--------+
         Total |    791 |    768 |     23 |      0 |    678 |   2 |  395.5 |
       Dungeon |    791 |    768 |     23 |      0 |    678 |   2 |  395.5 |
               +--------+--------+--------+--------+--------+-----+--------+

Top non-repeatable levels by time:
     D:1: 770 daAuts
     D:2: 20 daAuts
